 Dungeon Crawl Stone Soup version 0.22-a0-469-gf26638a (webtiles) character file.

33725 Mgcat the Severer (level 13, -2/104 HPs)
             Began as a Minotaur Berserker on June 13, 2018.
             Was a High Priest of Trog.
             Engulfed by a fire crab's flame (7 damage)
             ... on level 6 of the Lair of Beasts.
             The game lasted 00:52:16 (15902 turns).

Mgcat the Severer (Minotaur Berserker)             Turns: 15902, Time: 00:52:16

Health: -2/104     AC: 20    Str: 25    XL:     13   Next: 38%
Magic:  0/19       EV:  9    Int: 11    God:    Trog [*****.]
Gold:   934        SH:  2    Dex: 10    Spells: 12/12 levels left

rFire    x . .     SeeInvis .   E - +5 war axe (flame)
rCold    + + +     Gourm    .   w - -3 buckler "Orabos" {rPois rC+++ Int+6 Dex-3}
rNeg     . . .     Faith    .   p - +0 plate armour
rPois    +         Spirit   +   (helmet restricted)
rElec    +         Reflect  .   K - +1 cloak
rCorr    .         Harm     .   e - +2 pair of gloves
MR       ++...                  (no boots)
Stlth    ..........             a - amulet of guardian spirit {Spirit}
HPRegen  1.27/turn              P - ring of the Genius {Ice +Blink rElec Str+2}
MPRegen  0.16/turn              l - +3 ring of protection

@: berserk cooldown, very slightly contaminated, regenerating, slowed, very slow
A: retaliatory headbutt, horns 2
a: Berserk, Trog's Hand, Brothers in Arms, Renounce Religion, Evoke Blink


You were on level 6 of the Lair of Beasts.
You worshipped Trog.
Trog was extremely pleased with you.
You were near starving.

You visited 2 branches of the dungeon, and saw 17 of its levels.
You also visited: Labyrinth.

You collected 1018 gold pieces.
You spent 84 gold pieces at shops.

Inventory:

Hand Weapons
 E - a +5 war axe of flaming (weapon)
   (You found it on level 9 of the Dungeon)
 M - a +3 antimagic broad axe
   (Trog gifted it to you on level 2 of the Lair of Beasts)
Missiles
 L - 9 curare-tipped needles
Armour
 e - a +2 pair of gloves (worn)
   (You found it on level 1 of the Dungeon)
 p - a +0 plate armour (worn)
   (You took it off a minotaur in a labyrinth)
 w - the -3 buckler "Orabos" (worn) {rPois rC+++ Int+6 Dex-3}
   (You found it on level 4 of the Dungeon)

   It affects your intelligence (+6).
   It affects your dexterity (-3).
   It renders you almost immune to cold.
   It protects you from poison.
 K - a +1 cloak (worn)
   (You took it off Maurice on level 10 of the Dungeon)
Jewellery
 a - an amulet of guardian spirit (around neck) {Spirit}
   (You found it on level 9 of the Dungeon)
 l - a +3 ring of protection (right hand)
   (You took it off a minotaur in a labyrinth)
 q - an uncursed ring of protection from fire {rF+, !d}
   (You found it on level 2 of the Dungeon)
 s - an uncursed ring of resist corrosion
   (You found it on level 3 of the Dungeon)
 N - an uncursed ring of protection from magic {MR+, !d}
   (You found it in a labyrinth)
 P - the ring of the Genius (left hand) {Ice +Blink rElec Str+2}
   (You found it in a labyrinth)

   [ring of ice]

   It enhances your ice magic.
   It affects your strength (+2).
   It makes you vulnerable to fire.
   It protects you from cold.
   It insulates you from electricity.
   It lets you blink.
 T - an uncursed ring of flight {+Fly, !d}
   (You found it on level 3 of the Lair of Beasts)
Wands
 f - a wand of random effects (21)
   (You found it on level 4 of the Lair of Beasts)
 k - a wand of digging (11)
   (You found it on level 6 of the Lair of Beasts)
 v - a wand of acid (10)
   (You found it on level 4 of the Dungeon)
 x - a wand of scattershot (5)
   (You found it on level 7 of the Dungeon)
 y - a wand of polymorph (18)
   (You found it on level 6 of the Dungeon)
 G - a wand of flame (69)
   (You found it on level 8 of the Dungeon)
 J - a wand of iceblast (1)
   (You found it on level 10 of the Dungeon)
 Q - a wand of clouds (5)
   (You found it on level 3 of the Lair of Beasts)
Scrolls
 g - 9 scrolls of remove curse
 j - 4 scrolls of identify
 n - 5 scrolls of teleportation
 t - 5 scrolls of magic mapping {!r}
 C - a scroll of blinking {!r}
 H - 2 scrolls of enchant weapon
 I - a scroll of fog
Potions
 d - a potion of resistance
 h - 11 potions of curing
 i - 6 potions of magic
 m - 2 potions of flight
 r - 3 potions of haste
 u - 4 potions of heal wounds
 z - 3 potions of might
 A - 3 potions of mutation {!q}
 B - a potion of brilliance
 D - a potion of agility
 F - 3 potions of lignification {!q}
Comestibles
 b - a chunk of flesh {@w0}
 c - 27 rations


   Skills:
 + Level 6.8 Fighting
 - Level 20.0 Axes
 - Level 5.0 Armour
 - Level 5.1 Dodging
 - Level 6.1 Shields
 - Level 10.3 Evocations


You had 12 spell levels left.
You didn't know any spells.
Your spell library was empty.

Dungeon Overview and Level Annotations

Branches:
Dungeon (11/15)            Temple (0/1) D:5            Lair (6/6) D:11
 Shoals (0/4) Lair:2        Snake (0/4) Lair:2          Orc (0/2) D:11
  Slime: Lair:5-6

Altars:
Cheibriados
Elyvilon
Fedhas
Hepliaklqana
Makhleb
Nemelex Xobeh
Okawaru
Qazlal
Ru
Xom
Yredelemnul

Shops:
D:4 *   D:6 (


Innate Abilities, Weirdness & Mutations

You reflexively headbutt those who attack you in melee.
You have a pair of horns on your head.


Message History

Magic restored.
You feel sick.
You start resting.
You feel sick. x7
All of the chunks of flesh in your inventory have rotted away.
You feel sick.
You are no longer poisoned.
You start resting.
You feel yourself speed up.
You start resting.
You recover from your berserk rage.
Things that are here:
a hydra corpse; a polar bear corpse You butcher the polar bear corpse.
b - a chunk of flesh {@w0} You see here a hydra corpse. x2
You see here a basilisk corpse.
k - a wand of digging (11)
You see here a spiny frog corpse.
Key pressed, stopping explore.
Marking area around Rupert as unsafe for travelling.
Rupert the Wild comes into view.
He is wielding a great mace of protection.
Rupert shouts!
You see here a potion of curing.
Unknown command.
Unknown command.
Your skin crawls.
You feel resistant to hostile enchantments.
You are feeling hungry.
A red film seems to cover your vision as you go berserk!
You feel yourself moving faster!
You feel mighty!
You are feeling very hungry.
Rupert hits you with a great mace of protection.
You slash Rupert! You burn Rupert. Your headbutt misses Rupert.
Rupert is lightly wounded.
Rupert hits you with a great mace of protection!!
You slice Rupert!! You burn Rupert. You headbutt Rupert!!
Rupert is heavily wounded.
You barely miss Rupert. You headbutt Rupert!!
Rupert is severely wounded.
You hit Rupert. You burn Rupert. Your headbutt misses Rupert.
Rupert is severely wounded.
Rupert hits you with a great mace of protection!
Your plate armour prevents you from hitting Rupert.
Rupert is severely wounded.
Your plate armour prevents you from hitting Rupert.
Your headbutt misses Rupert.
Rupert is severely wounded.
You hit Rupert. You burn Rupert.
Rupert is severely wounded.
Rupert hits you but does no damage.
You closely miss Rupert. Your headbutt misses Rupert.
Rupert is severely wounded.
You slice Rupert!! You burn Rupert!
You feel the power of Trog in you as your rage grows.
You kill Rupert!
Trog accepts your kill.
Your Fighting skill increases to level 6!
Things that are here:
a great mace of protection; a shiny scale mail There isn't anything to butcher here.
You feel a strong urge to attack something.
You feel your anger nearly subside.
You are no longer berserk.
You are exhausted.
You feel yourself slow down.
h - 11 potions of curing (gained 1)
You are near starving!
A fire crab comes into view.
The fire crab breathes flames at you. The blast of flame engulfs you!
You are engulfed in blazing flames.
The fire crab bites you but does no damage.
The fire crab claws you but does no damage.
You closely miss the fire crab. You headbutt the fire crab.
The fire crab is lightly wounded.
The fire crab bites you but does no damage.
The fire crab claws you but does no damage.
You slash the fire crab!
The fire crab is moderately wounded.
The fire crab bites you.
You are engulfed in flames!
The fire burns you terribly! The fire crab claws you.
You are engulfed in flames!!
The fire burns you terribly!
* * * LOW HITPOINT WARNING * * *
You slash the fire crab!
The fire crab is heavily wounded.
The fire crab bites you.
* * * LOW HITPOINT WARNING * * *
You are engulfed in flames!
The fire burns you terribly!
* * * LOW HITPOINT WARNING * * *
The fire crab claws you.
* * * LOW HITPOINT WARNING * * *
You are engulfed in flames!
The fire burns you terribly!
* * * LOW HITPOINT WARNING * * *
Really read
C - 2 scrolls of blinking {!r}?
Blink to where?
Press: ? - help, Dir - move target cursor You are very lightly contaminated with residual magic.
As you read the scroll of blinking {!r}, it crumbles to dust.
The fire crab breathes flames at you. The blast of flame engulfs you!
You are engulfed in blazing flames.
You die...

#........#
.#.......#
#.......##
#.$.......##
#...(.....§##
..P.........###
#PP........t..##
.P.....†...§§§§#
...).......§@§.##
...........§§§..#
..........§....#
....##.#+.......#
...#
##..##.P......


PP. ##. ##........ .. .. #......... ... #......... .. .......... You could see a
fire crab.

Vanquished Creatures
  Rupert (Lair:6)
  A minotaur (Lab)
  Erolcha (D:10)
  3 hydras
  Erica (D:10)
  4 two-headed ogres
  The ghost of epen the Covert, a journeyman FeMo of Dithmenos (Lair:3)
  Sonja (D:11)
  The ghost of 4thArraOfDagon the Geomancer, a novice DDEE of Makhleb (D:8)
  An ugly thing (D:11)
  The ghost of ThisFiasco the Schismatic, a novice DsAK of Lugonu (D:6)
  Maurice (D:10)
  2 black mambas (Lair:4)
  8 spiny frogs
  A kobold demonologist (D:11)
  9 komodo dragons
  A polar bear (Lair:6)
  A hornet (D:4)
  2 dream sheep (D:8)
  A snapping turtle (Lair:2)
  7 hippogriffs
  4 blink frogs (Lair:5)
  5 spriggans (Lair:3)
  A shadow (D:11)
  A wraith (D:11)
  Sigmund (D:3)
  A vampire (D:8)
  A hungry ghost (D:8)
  17 yaks
  A wyvern (D:8)
  A basilisk (Lair:6)
  Menkaure (D:6)
  2 vampire mosquitoes (Lair:5)
  19 water moccasins
  3 porcupines
  Duvessa (D:4)
  A sky beast (D:10)
  3 ice beasts
  3 phantoms
  2 orc warriors
  2 ogres
  4 centaurs
  6 wolves (Lair:3)
  7 crocodiles
  14 bullfrogs
  3 big kobolds (D:8)
  Dowan (D:4)
  4 scorpions
  A water moccasin skeleton (D:4)
  9 killer bees
  12 wights
  4 howler monkeys
  4 crimson imps
  2 centaur zombies
  8 hounds
  A jelly (D:11)
  8 orc priests
  A bullfrog skeleton (D:6)
  A centaur skeleton (D:8)
  9 orc wizards
  6 hell rats (Lair:3)
  5 iguanas
  5 worker ants
  A hound zombie (D:5)
  A hound skeleton (D:6)
  A worker ant zombie (D:8)
  A howler monkey skeleton (D:9)
  18 adders
  3 shadow imps (D:11)
  An ooze (D:2)
  2 adder skeletons
  3 worms
  3 dart slugs (D:1)
  8 leopard geckos
  49 orcs
  3 ball pythons
  4 giant cockroaches
  6 goblins
  7 hobgoblins
  21 jackals
  4 quokkas
  7 bats
  3 frilled lizards
  A jackal skeleton (D:4)
  11 kobolds
  A leopard gecko skeleton (D:5)
  A quokka skeleton (D:4)
  3 rats
  A fungus (Lair:5)
  A plant (Lair:2)
399 creatures vanquished.

Vanquished Creatures (others)
  7 fungi
  A plant (Lair:6)
8 creatures vanquished.

Grand Total: 407 creatures vanquished

Notes
Turn   | Place    | Note
-------+----------+-------------------------------------------
     0 | D:1      | Mgcat the Minotaur Berserker began the quest for the Orb.
     0 | D:1      | Reached XP level 1. HP: 19/19 MP: 0/0
   109 | D:1      | Reached skill level 4 in Axes
   222 | D:1      | Reached XP level 2. HP: 26/26 MP: 1/1
   495 | D:1      | Reached ** piety under Trog
   495 | D:1      | Reached skill level 5 in Axes
   727 | D:2      | Reached XP level 3. HP: 19/31 MP: 2/2
  1412 | D:2      | Reached skill level 6 in Axes
  1412 | D:2      | Reached XP level 4. HP: 39/39 MP: 3/3
  1859 | D:3      | Reached *** piety under Trog
  1889 | D:3      | Reached XP level 5. HP: 42/45 MP: 4/4
  1897 | D:3      | Found a sacrificial altar of Ru.
  1897 | D:3      | Found a snail-covered altar of Cheibriados.
  1897 | D:3      | Found a stormy altar of Qazlal.
  1897 | D:3      | Found a burning altar of Makhleb.
  1965 | D:3      | Reached skill level 7 in Axes
  2086 | D:3      | Noticed Sigmund
  2093 | D:3      | Killed Sigmund
  2093 | D:3      | Reached skill level 8 in Axes
  2093 | D:3      | Reached XP level 6. HP: 51/51 MP: 5/5
  2385 | D:4      | Reached skill level 9 in Axes
  2565 | D:4      | Got a transparent buckler
  2571 | D:4      | Identified the cursed -3 buckler "Orabos" {rPois rC+++ Int+6 Dex-3} (You found it on level 4 of the Dungeon)
  2589 | D:4      | Noticed Dowan
  2590 | D:4      | Noticed Duvessa
  2598 | D:4      | Killed Duvessa
  2598 | D:4      | Reached skill level 1 in Shields
  2598 | D:4      | Reached XP level 7. HP: 57/57 MP: 6/6
  2602 | D:4      | Killed Dowan
  2602 | D:4      | Reached skill level 2 in Shields
  2696 | D:4      | Reached skill level 3 in Shields
  2709 | D:4      | Reached skill level 10 in Axes
  2869 | D:4      | Found a large runed door.
  2869 | D:4      | Found a large runed door.
  2871 | D:4      | Found Gaorier's Goods Gallery.
  2945 | D:4      | Found a large runed door.
  2945 | D:4      | Found a large runed door.
  2983 | D:4      | Noticed a hornet
  2993 | D:4      | Killed a hornet
  2993 | D:4      | Reached skill level 4 in Shields
  2997 | D:4      | Got a bloodstained troll leather armour {regen}
  3008 | D:4      | Identified the cursed +0 troll leather armour of Intuition {Regen+ Int+2, regen} (You found it on level 4 of the Dungeon)
  3285 | D:5      | Entered Level 5 of the Dungeon
  3298 | D:5      | Reached XP level 8. HP: 64/64 MP: 7/7
  3307 | D:5      | Found an iron altar of Okawaru.
  3333 | D:5      | Found a staircase to the Ecumenical Temple.
  3360 | D:5      | Reached **** piety under Trog
  3368 | D:5      | Reached skill level 11 in Axes
  3703 | D:5      | Reached skill level 12 in Axes
  3834 | D:6      | Noticed Menkaure
  3840 | D:6      | Killed Menkaure
  4234 | D:6      | Reached skill level 13 in Axes
  4291 | D:6      | Reached XP level 9. HP: 52/70 MP: 8/8
  4448 | D:6      | Found Uliklenu's Antique Weapon Shoppe.
  4453 | D:6      | Bought a war axe for 84 gold pieces
  4633 | D:6      | Noticed ThisFiasco's ghost (novice DsAK)
  4643 | D:6      | Killed ThisFiasco's ghost
  4643 | D:6      | Reached skill level 14 in Axes
  4712 | D:6      | Reached skill level 4 in Fighting
  5099 | D:7      | Reached skill level 5 in Fighting
  5216 | D:7      | Reached skill level 3 in Armour
  5245 | D:7      | Reached skill level 4 in Armour
  5252 | D:7      | Reached skill level 5 in Armour
  5267 | D:7      | Reached skill level 3 in Dodging
  5390 | D:7      | Reached skill level 4 in Dodging
  5450 | D:7      | Reached ***** piety under Trog
  5764 | D:8      | Reached skill level 5 in Dodging
  5804 | D:8      | Noticed 4thArraOfDagon's ghost (novice DDEE)
  5818 | D:8      | Killed 4thArraOfDagon's ghost
  5818 | D:8      | Reached skill level 6 in Shields
  5818 | D:8      | Reached XP level 10. HP: 69/81 MP: 9/9
  6045 | D:8      | Found a sparkling altar of Nemelex Xobeh.
  6058 | D:8      | Reached skill level 1 in Evocations
  6154 | D:8      | Reached skill level 2 in Evocations
  6274 | D:8      | Reached skill level 3 in Evocations
  6456 | D:8      | Reached skill level 4 in Evocations
  6613 | D:8      | Found a blossoming altar of Fedhas.
  6614 | D:8      | Found a shimmering altar of Xom.
  6764 | D:8      | Reached skill level 5 in Evocations
  6827 | D:8      | Noticed a three-headed hydra
  6832 | D:8      | Killed a one-headed hydra
  6832 | D:8      | Reached skill level 6 in Evocations
  6834 | D:8      | Reached skill level 7 in Evocations
  6956 | D:9      | Found a basalt altar of Yredelemnul.
  6983 | D:9      | Noticed a two-headed ogre
  6989 | D:9      | Killed a two-headed ogre
  7116 | D:9      | Reached XP level 11. HP: 86/86 MP: 15/15
  7123 | D:9      | Reached skill level 8 in Evocations
  7930 | D:10     | Entered Level 10 of the Dungeon
  8407 | D:10     | Noticed Erolcha
  8416 | D:10     | Noticed a two-headed ogre
  8423 | D:10     | Killed a two-headed ogre
  8423 | D:10     | Reached skill level 9 in Evocations
  8427 | D:10     | Killed Erolcha
  8496 | D:10     | Noticed a two-headed ogre
  8497 | D:10     | Noticed Erica
  8503 | D:10     | Killed a two-headed ogre
  8509 | D:10     | Killed Erica
  8509 | D:10     | Reached skill level 10 in Evocations
  8615 | D:10     | Noticed Maurice
  8632 | D:10     | Killed Maurice
  8838 | D:11     | Found a staircase to the Orcish Mines.
  8854 | D:11     | Noticed a sixfirhy
  9195 | D:11     | Found a staircase to the Lair.
  9244 | D:11     | Noticed Sonja
  9246 | D:11     | Killed Sonja
  9246 | D:11     | Reached skill level 15 in Axes
  9370 | D:11     | Noticed a green ugly thing
  9375 | D:11     | Killed a green ugly thing
  9386 | D:11     | Noticed a two-headed ogre
  9435 | D:11     | Found a white marble altar of Elyvilon.
  9501 | D:11     | Killed a two-headed ogre
  9748 | Lair:1   | Entered Level 1 of the Lair of Beasts
  9790 | Lair:1   | Reached XP level 12. HP: 70/94 MP: 14/18
  9903 | Lair:1   | Reached skill level 16 in Axes
 10860 | Lair:2   | Reached skill level 17 in Axes
 11069 | Lair:2   | Found a staircase to the Snake Pit.
 11074 | Lair:2   | Received a gift from Trog
 11430 | Lair:2   | Found a staircase to the Shoals.
 11892 | Lair:3   | Noticed epen's ghost (journeyman FeMo)
 11920 | Lair:3   | Killed epen's ghost
 11920 | Lair:3   | Reached skill level 18 in Axes
 11942 | Lair:3   | Found a labyrinth entrance.
 11959 | Lab      | Entered a labyrinth
 13406 | Lab      | Noticed a minotaur
 13423 | Lab      | HP: 32/141 [minotaur/glaive (7)]
 13424 | Lab      | Killed a minotaur
 13466 | Lab      | Identified Yzyme's Reference Book on the Mountains
 13469 | Lab      | Got a flickering silver ring
 13471 | Lab      | Identified Qoteeriuc's Collected Works on Aid
 13479 | Lair:3   | Identified the ring of the Genius {Ice +Blink rElec Str+2} (You found it in a labyrinth)
 13981 | Lair:3   | Noticed a six-headed hydra
 13989 | Lair:3   | Killed a three-headed hydra
 13989 | Lair:3   | Reached skill level 19 in Axes
 14424 | Lair:4   | Reached XP level 13. HP: 100/100 MP: 19/19
 14682 | Lair:4   | Found a hazy altar of Hepliaklqana.
 15793 | Lair:6   | Entered Level 6 of the Lair of Beasts
 15819 | Lair:6   | Reached skill level 20 in Axes
 15875 | Lair:6   | Noticed Rupert
 15888 | Lair:6   | Killed Rupert
 15888 | Lair:6   | Reached skill level 6 in Fighting
 15900 | Lair:6   | HP: 20/104 [fire crab (10)]
 15900 | Lair:6   | HP: 3/104 [fire crab (12)]
 15902 | Lair:6   | Engulfed by a fire crab's flame

Vault maps used:
D:1:      lightli_arrival_statue_moat, minmay_misc_feat_rugged
D:2:      st_stairs_9
D:3:      chequers_temple_overflow_statue_of_worship, uniq_sigmund
D:4:      first_ration, nicolae_alphabet_shops, kennysheep_diamond,
          minmay_hollow_rounded_squares, uniq_duvessa
D:5:      temple_doors_cd, basic_altar
D:6:      serial_shops, shop, uniq_menkaure
D:8:      nicolae_overflow_crystal_walls, gammafunk_temple_overflow_pools,
          hangedman_ranch
D:9:      overflow_temple_1_default, minmay_fountain_box
D:10:     uniq_erica, uniq_maurice, uniq_erolcha
D:11:     lair_entry_dummy, orc_0_dummy, elyvilon_altar_5, uniq_sonja
Lair:1:   eino_small_chamber_without_monster, lemuel_fruit_tree
Lair:2:   minmay_shoals_entry_hut, minmay_snake_entry_six_corridors
Lair:3:   lab_entry_generic, wad_woods_01
Lair:4:   basic_altar
Lair:5:   pond
Lair:6:   cheibrodos_lair_end_hotspot, slime_altar_1, tgw_fedhas, uniq_rupert
Lab:      nicolae_lab_dead_adventurers

Skill      XL: |  1  2  3  4  5  6  7  8  9 10 11 12 13 |
---------------+----------------------------------------+-----
Axes           | 4 5 6 8 9 10 13 14 15 19 20 | 20.0
Shields        | 1 4 6 |  6.1
Fighting       | 5 6 |  6.8
Armour         | 5 |  5.0
Dodging        | 5 |  5.1
Evocations     | 7 10 | 10.3

Action                   |  1- 3 |  4- 6 |  7- 9 | 10-12 | 13-15 || total
-------------------------+-------+-------+-------+-------+-------++-------
Melee: Hand axe          |    72 |   111 |   218 |     4 |       ||   405
       Headbutt          |    11 |    15 |    47 |    98 |    26 ||   197
       War axe           |       |       |   118 |   596 |   120 ||   834
Invok: Berserk           |       |     5 |    13 |    19 |     2 ||    39
       Trog's Hand       |       |     2 |     6 |    11 |     2 ||    21
Evoke: Wand              |       |       |       |     2 |       ||     2
  Use: Scroll            |       |     4 |    15 |    16 |     1 ||    36
  Eat: Chunk             |     2 |     8 |    21 |    41 |     6 ||    78
       Ration            |       |       |     1 |     3 |       ||     4
Armor: Ring mail         |    35 |       |       |       |       ||    35
       Chain mail        |       |    48 |    43 |   164 |       ||   255
       Scale mail        |       |       |    58 |       |       ||    58
       Plate armour      |       |       |       |    15 |    50 ||    65
Dodge: Dodged            |    50 |    59 |   120 |   232 |    31 ||   492
Block: Buckler           |       |       |     8 |    23 |     6 ||    37

Table legend:
 A = Spawn XP
 B = Non-spawn XP
 C = Spawn XP percentage of total XP
 D = Spawn monster count
 E = Non-spawn monster count
 F = Spawn count percentage of total count
 G = Total turns spent on level
                    A         B        C        D         E        F      G
               +---------+---------+-------+---------+---------+-------+---------
         Total |       0 |   48179 |   0.0 |       0 |     397 |   0.0 | 15902
               +---------+---------+-------+---------+---------+-------+---------
           D:1 |       0 |      35 |   0.0 |       0 |      17 |   0.0 |   702
           D:2 |       0 |      68 |   0.0 |       0 |      23 |   0.0 |   998
           D:3 |       0 |     340 |   0.0 |       0 |      32 |   0.0 |   594
           D:4 |       0 |     970 |   0.0 |       0 |      28 |   0.0 |   991
           D:5 |       0 |     720 |   0.0 |       0 |      29 |   0.0 |   580
           D:6 |       0 |    1622 |   0.0 |       0 |      25 |   0.0 |   937
           D:7 |       0 |    1333 |   0.0 |       0 |      30 |   0.0 |   920
           D:8 |       0 |    4580 |   0.0 |       0 |      32 |   0.0 |  1227
           D:9 |       0 |    1655 |   0.0 |       0 |      15 |   0.0 |  1147
          D:10 |       0 |    5856 |   0.0 |       0 |      27 |   0.0 |   670
          D:11 |       0 |    3414 |   0.0 |       0 |      25 |   0.0 |   982
        Lair:1 |       0 |    4244 |   0.0 |       0 |      19 |   0.0 |  1182
        Lair:2 |       0 |    5656 |   0.0 |       0 |      37 |   0.0 |   950
        Lair:3 |       0 |    5574 |   0.0 |       0 |      27 |   0.0 |   885
        Lair:4 |       0 |    2725 |   0.0 |       0 |      12 |   0.0 |   759
        Lair:5 |       0 |    3026 |   0.0 |       0 |      12 |   0.0 |   751
        Lair:6 |       0 |    5146 |   0.0 |       0 |       6 |   0.0 |   109
           Lab |       0 |    1215 |   0.0 |       0 |       1 |   0.0 |  1518
               +---------+---------+-------+---------+---------+-------+---------

Vault maps used:
D:1:      lightli_arrival_statue_moat, minmay_misc_feat_rugged
D:2:      st_stairs_9
D:3:      chequers_temple_overflow_statue_of_worship, uniq_sigmund
D:4:      first_ration, nicolae_alphabet_shops, kennysheep_diamond,
          minmay_hollow_rounded_squares, uniq_duvessa
D:5:      temple_doors_cd, basic_altar
D:6:      serial_shops, shop, uniq_menkaure
D:8:      nicolae_overflow_crystal_walls, gammafunk_temple_overflow_pools,
          hangedman_ranch
D:9:      overflow_temple_1_default, minmay_fountain_box
D:10:     uniq_erica, uniq_maurice, uniq_erolcha
D:11:     lair_entry_dummy, orc_0_dummy, elyvilon_altar_5, uniq_sonja
Lair:1:   eino_small_chamber_without_monster, lemuel_fruit_tree
Lair:2:   minmay_shoals_entry_hut, minmay_snake_entry_six_corridors
Lair:3:   lab_entry_generic, wad_woods_01
Lair:4:   basic_altar
Lair:5:   pond
Lair:6:   cheibrodos_lair_end_hotspot, slime_altar_1, tgw_fedhas, uniq_rupert
Lab:      nicolae_lab_dead_adventurers

Table legend:
 A = Turns spent in this place as a percentage of turns spent in the entire game.
 B = Non-inter-level travel turns spent in this place as a percentage of non-inter-level travel turns spent in the entire game.
 C = Inter-level travel turns spent in this place as a percentage of turns spent in this place.
 D = Turns resting spent in this place as a percentage of non-inter-level travel turns spent in this place.
 E = Turns spent auto-exploring this place as a percentage of non-inter-level travel turns spent in this place.
 F = Non-inter-level travel turns spent in this place divided by the number of levels of this place that you've seen.
                   A       B       C       D       E      F
               +-------+-------+-------+-------+-------+----------------------
         Total | 100.0 | 100.0 |   2.4 |  10.3 |  62.4 | 862.2
       Dungeon |  61.3 |  60.8 |   3.2 |  13.3 |  66.4 | 857.8
          Lair |  29.2 |  29.4 |   1.5 |   6.6 |  74.7 | 760.8
     Labyrinth |   9.5 |   9.8 |   0.0 |   2.2 |   0.0 | 1518.0
               +-------+-------+-------+-------+-------+----------------------

Table legend:
 A = Kills in this place as a percentage of kills in entire the game.
 B = Kills by you in this place as a percentage of kills by you in the entire game.
 C = Kills by friends in this place as a percentage of kills by friends in the entire game.
 D = Other kills in this place as a percentage of other kills in the entire game.
 E = Experience gained in this place as a percentage of experience gained in the entire game.
 F = Experience gained in this place divided by the number of levels of this place that you have seen.
                   A       B       C       D       E      F
               +-------+-------+-------+-------+-------+----------------------
         Total | 100.0 | 100.0 |   N/A |   N/A | 100.0 | 2676.6
       Dungeon |  71.3 |  71.3 |   N/A |   N/A |  42.7 | 1872.1
          Lair |  28.5 |  28.5 |   N/A |   N/A |  54.7 | 4395.2
     Labyrinth |   0.3 |   0.3 |   N/A |   N/A |   2.5 | 1215.0
               +-------+-------+-------+-------+-------+----------------------
